 Dungeon Crawl Stone Soup version 0.31-a0-217-g58bb5d79cf (webtiles) character file.

Game seed: 9868217538158203603

26 gelatine the Shooter (level 2, 0/22 HPs)
             Began as a Demonspawn Hunter on July 3, 2023.
             Slain by a jackal (2 damage)
             ... on level 1 of the Dungeon.
             The game lasted 00:01:31 (715 turns).

gelatine the Shooter (Demonspawn Hunter)             Turns: 715, Time: 00:01:32

Health: 0/22       AC:  5    Str: 11    XL:     2   Next: 89%
Magic:  2/2        EV: 12    Int: 10    God:
Gold:   67         SH:  0    Dex: 16    Spells: 1/1 levels left

rFire   . . .        a - +0 shortbow
rCold   . . .        (shield currently unavailable)
rNeg    . . .        c - +0 leather armour
rPois   .            (no helmet)
rElec   .            (no cloak)
rCorr   .            (no gloves)
SInv    .            (no boots)
Will    .....        (no amulet)
Stlth   +            (no ring)
HPRegen 0.23/turn    (no ring)
MPRegen 0.08/turn

%: no passive effects
@: no status effects
A: thin metallic scales 1
a: no special abilities


You were on level 1 of the Dungeon.
You visited 1 branch of the dungeon, and saw 2 of its levels.

You collected 67 gold pieces.

Inventory:

Hand Weapons
 a - a +0 shortbow (weapon)
Armour
 c - a +0 leather armour (worn)
Scrolls
 b - a scroll of butterflies
 e - a scroll of revelation {unknown}
 f - a scroll of enchant armour {unknown}
 h - a scroll of blinking {unknown}
 i - 2 scrolls of teleportation {unknown}
 j - a scroll of vulnerability {unknown}
 l - a scroll of poison {unknown}
 m - a scroll of identify {unknown}
Potions
 d - a potion of brilliance {unknown}
 g - 2 potions of heal wounds {unknown}
 k - a potion of curing {unknown}


   Skills:
 * Level 2.1 Fighting
 * Level 4.2 Ranged Weapons
 * Level 0.2 Armour
 * Level 2.0 Dodging
 + Level 0.8 Stealth


You had one spell level left.
You didn't know any spells.
Your spell library was empty.

Dungeon Overview and Level Annotations

Branches:
Dungeon (2/15)

Altars:


Innate Abilities, Weirdness & Mutations

You are partially covered in thin metallic scales. (AC +2)


Message History

There is a stone staircase leading down here.
You are too injured to fight recklessly!
You are too injured to fight recklessly!
You are too injured to fight recklessly!
You are too injured to fight recklessly!
You shoot an arrow. The arrow closely misses the adder.
The jackal closely misses you. The adder misses you. The jackal bites you.
The adder closely misses you.
You shoot an arrow. The arrow barely misses the adder.
The jackal closely misses you. The adder misses you.
The jackal barely misses you.
You shoot an arrow. The arrow barely misses the adder.
The adder barely misses you.
The jackal bites you but does no damage.
The adder bites you but does no damage.
You shoot an arrow. The arrow misses the adder.
The jackal bites you but does no damage.
The adder barely misses you. The jackal closely misses you.
The adder bites you.
You shoot an arrow. The arrow misses the adder.
The jackal closely misses you. The adder misses you. The jackal bites you.
* * * LOW HITPOINT WARNING * * *
You shoot an arrow. The arrow misses the adder.
The adder bites you.
* * * LOW HITPOINT WARNING * * *
The jackal closely misses you. The adder bites you.
* * * LOW HITPOINT WARNING * * *
The jackal closely misses you.
You shoot an arrow. The arrow closely misses the adder.
The adder bites you but does no damage. The jackal barely misses you.
You shoot an arrow.
The arrow hits the adder but does no damage.
The adder is heavily wounded.
The jackal closely misses you. The adder barely misses you.
The jackal barely misses you. The adder bites you but does no damage.
You shoot an arrow. The arrow misses the adder.
The jackal bites you but does no damage.
The adder bites you but does no damage. The jackal misses you.
You shoot an arrow. The arrow misses the adder.
The adder closely misses you. The jackal bites you.
You die...

### ###........# #.
##.........[# ###.
#...####.#..# #... #...#
#.#..# #.## #...# #....#
#.# #...# ##...# #.# #...#
#...# #.# #...# #...# #.#
#...# #h@S# #.# #...#
##### #.# #...# #.#
#...####################.#
#........................#
#...######################
#####


You could see an adder and a jackal.

Vanquished Creatures
  A dart slug (D:1)
  2 ball pythons (D:1)
  A bat (D:2)
  2 endoplasms
  A giant cockroach (D:2)
  A goblin (D:2)
  A hobgoblin (D:1)
  6 jackals
  A kobold (D:1)
  A quokka (D:2)
  A frilled lizard (D:1)
  A rat (D:1)
19 creatures vanquished.

Notes
Turn   | Place    | Note
-------+----------+-------------------------------------------
     0 | D:1      | gelatine the Demonspawn Hunter began the quest for the Orb.
     0 | D:1      | Reached XP level 1. HP: 16/16 MP: 1/1
   235 | D:1      | Reached skill level 4 in Ranged Weapons
   235 | D:1      | Gained mutation: You are partially covered in thin metallic
                  | scales. (AC +2) [demonic ancestry]
   235 | D:1      | Reached XP level 2. HP: 22/22 MP: 2/2
   711 | D:1      | HP: 1/22 [adder (2)]
   715 | D:1      | Slain by a jackal

Illustrated notes

Levels and vault maps discovered:
D:1:      lightli_arrival_statue_moat, layout_basic, minmay_close_crescents
D:2:      layout_basic, minmay_rat_gold_closets

Skill      XL: |  1  2 |
---------------+-------+-----
Ranged Weapons | 4 |  4.2
Dodging        | 2 |  2.0
Fighting       | |  2.1
Armour         | |  0.2
Stealth        | |  0.8

Action                     || total
---------------------------++-------
   Fire: Shortbow          ||    66
 Armour: Leather armour    ||    36
  Dodge: Dodged            ||    77

Table legend: (Time is in decaauts)
 A = Elapsed time spent in this place.
 B = Non-inter-level travel time spent in this place.
 C = Inter-level travel time spent in this place.
 D = Time resting spent in this place.
 E = Time spent auto-exploring this place.
 F = Levels seen in this place.
 G = Mean time per level.
                   A        B        C        D        E       F      G
               +--------+--------+--------+--------+--------+-----+--------+
         Total |    731 |    690 |     41 |      0 |    562 |   2 |  365.5 |
       Dungeon |    731 |    690 |     41 |      0 |    562 |   2 |  365.5 |
               +--------+--------+--------+--------+--------+-----+--------+

Top non-repeatable levels by time:
     D:1: 661 daAuts
     D:2: 69 daAuts
